Cogmind - Beta 10.2 @@@ ROGUE MODE // 2021.04.11 @ 14:44:23 Player: thingamajigger Result: Destroyed by S-10 Pest with Light Assault Rifle Performance ------------- Evolutions (0) 0 Regions Visited (2) 400 Robots Destroyed (18) 90 Value Destroyed (400) 400 Prototype IDs (1) 20 Alien Tech Used (0) 0 Bonus (0) 0 TOTAL SCORE: 910 Bonus ------- None Cogmind --------- Core Integrity 0/250 Matter 274/300 Energy 125/125 System Corruption 1% Temperature Cool (0) Movement Treading (180) Ox1 Location -10/Mines Parts ------- > --- POWER (1) -------- Light Ion Engine > --- PROPULSION (2) --- Light Treads Aluminum Leg > --- UTILITY (2) ------ High-capacity Storage Unit Signal Interpreter > --- WEAPON (2) ------- Light Assault Rifle Light Assault Rifle > --- INVENTORY (12) --- Light Ion Engine Medium Matter Pod (100) Light Armor Plating Light Armor Plating Light Assault Rifle Peak State ------------ > --- POWER ------------ Ion Engine > --- PROPULSION ------- Aluminum Leg Aluminum Leg > --- UTILITY ---------- High-capacity Storage Unit Signal Interpreter > --- WEAPON ----------- Improved Medium Laser Assault Rifle > --- INVENTORY -------- Light Ion Engine Light Treads Aluminum Leg Medium Matter Pod Light Armor Plating Light Armor Plating Improved Medium Laser Light Assault Rifle [Rating: 10] Favorites ----------- Power Ion Engine Engine Ion Engine Propulsion Aluminum Leg Treads Light Treads Leg Aluminum Leg Utility Signal Interpreter Storage High-capacity Storage Unit Processor Signal Interpreter Weapon Assault Rifle Energy Gun Improved Medium Laser Ballistic Gun Assault Rifle Build | -11 -10 -10 ------- Run | Scr Mat Min Slots Evolved . | . . . Power . | . . . Propulsion . | . . . Utility . | . . . Weapon . | . . . Parts Attached 18 | 6 5 7 Power 3 | 1 1 1 Engine 3 | 1 1 1 Core . | . . . Reactor . | . . . Propulsion 4 | 2 . 2 Treads 1 | . . 1 Leg 3 | 2 . 1 Wheel . | . . . Hover . | . . . Flight . | . . . Utility 3 | 1 2 . Device . | . . . Storage 2 | 1 1 . Processor 1 | . 1 . Hackware . | . . . Protection . | . . . Artifact . | . . . Weapon 8 | 2 2 4 Energy Gun 4 | 1 2 1 Energy Cannon . | . . . Ballistic Gun 4 | 1 . 3 Ballistic Cannon . | . . . Launcher . | . . . Special Weapon . | . . . Impact Weapon . | . . . Slashing Weapon . | . . . Piercing Weapon . | . . . Special Melee Weapon . | . . . Unidentified Prototypes 1 | . 1 . Parts Lost 8 | . 1 7 Power 1 | . . 1 Propulsion 2 | . . 2 Utility . | . . . Weapon 5 | . 1 4 Highest Loss Streak 3 | . 1 3 Average Slot Usage (%) 99 | . 99 99 Engine 13 | . 14 13 Leg 27 | . 28 27 Storage 14 | . 14 14 Processor 13 | . 13 14 Energy Gun 13 | . 14 13 Ballistic Gun 14 | . 14 14 Naked Turns . | . . . Heaviest Build 42 | 11 42 42 Greatest Support 20 | 20 20 20 Greatest Overweight (x) 2 | 2 2 2 Average Overweight (x) 1 | . . 1 Largest Inventory Capacity 12 | 6 12 12 Average Capacity 9 | 5 6 12 Most Carried 9 | 4 7 9 Average Carried 6 | 1 5 7 Final Capacity 12 | 6 12 12 Final Carried 7 | 4 7 5 Class Distribution -------------------- 100% | Mutant Dominant Class ---------------- Mutant | -10/Materials Mutant | -10/Mines Resources | -11 -10 -10 ----------- Run | Scr Mat Min Matter Collected 472 | 235 132 105 Remotely . | . . . Salvage Created 483 | . 328 155 Parts 36 | . 21 15 Haulers Intercepted . | . . . Recyclers Shooed . | . . . Parts Field Recycled . | . . . Retrieved Matter . | . . . Parts Self-Destructed . | . . . Prevented . | . . . Kills | -11 -10 -10 ------- Run | Scr Mat Min Combat Hostiles Destroyed 16 | . 6 10 Guns 13 | . 6 7 AOE 3 | . . 3 Classes Destroyed 4 | . 3 1 Tunneler 1 | . 1 . Watcher 1 | . 1 . Swarmer 9 | . . 9 Grunt 7 | . 6 1 Best Kill Streak 3 | . 3 3 Combat Bots Only 3 | . 2 3 Max Kills in Single Turn 3 | . 2 3 Gunslinging . | . . . Exploded 3 | . . 3 Melee . | . . . Uniques/NPCs Destroyed . | . . . Combat | -11 -10 -10 -------- Run | Scr Mat Min Damage Taken 1049 | . 443 606 Core 250 | . 161 89 Absorbed by Shields . | . . . Core Remaining (%) 100 | 100 . . Volleys Fired 59 | . 25 34 Largest 2 | . 2 2 Hottest 76 | . 76 76 Shots Fired 114 | . 50 64 Gun 114 | . 50 64 Cannon . | . . . Launcher . | . . . Special . | . . . Kinetic 62 | . 25 37 Thermal 52 | . 25 27 Explosive . | . . . Electromagnetic . | . . . Robot Hit Streak 8 | . 8 7 Robot Miss Streak 4 | . 4 4 Penetration Max . | . . . Secondary Targets 5 | . 3 2 Max Gunslinging Chain 1 | . 1 1 Shots Hit Robots 60 | . 30 30 Core Hits 25 | . 14 11 Critical Hits . | . . . Critical Kills . | . . . Critical Parts Destroyed . | . . . Melee Attacks . | . . . Impact . | . . . Slashing . | . . . Piercing . | . . . Sneak Attacks . | . . . Combat Hostiles . | . . . Follow-up Attacks . | . . . Damage Inflicted 927 | . 468 459 Guns 833 | . 468 365 Cannons . | . . . Explosions 94 | . . 94 Melee . | . . . Ramming . | . . . Kinetic 328 | . 164 164 Thermal 599 | . 304 295 Explosive . | . . . Electromagnetic . | . . . Impact . | . . . Slashing . | . . . Piercing . | . . . Highest Corruption 1 | . 1 1 Average Corruption 1 | . 1 1 Corruption Purged . | . . . Effects 3 | . . 3 Message Errors 1 | . . 1 Energy Discharges 1 | . . 1 Data Loss (minor) 1 | . . 1 Overload Shots . | . . . Overflow Damage . | . . . Projectiles . | . . . Explosions . | . . . Melee . | . . . Knockbacks . | . . . Impact . | . . . Kinetic . | . . . Secondary . | . . . Self-Inflicted Damage 34 | . . 34 Shots 1 | . . 1 Rammed . | . . . Targets Rammed . | . . . Kicked . | . . . Crushed . | . . . Highest Temperature 210 | . 210 154 Average Temperature 68 | . 83 52 Received Heat Transfer 285 | . 231 54 Siege Activations . | . . . Robots Corrupted . | . . . Combat Hostiles . | . . . Parts Fried . | . . . Impact Corruptions . | . . . Robots Melted . | . . . Combat Hostiles . | . . . Parts Melted 5 | . 4 1 Heat Transferred 1297 | . 703 594 Parts Sabotaged . | . . . Parts Stolen . | . . . Parts Stripped . | . . . Power Chain Reactions . | . . . Missiles Intercepted . | . . . Alert | -11 -10 -10 ------- Run | Scr Mat Min Peak Influence 182 | . 182 155 Initial . | . . . Average 81 | . 84 87 Maximum Alert Level . | . . . Low Security (%) 100 | 100 100 100 Level 1 . | . . . Level 2 . | . . . Level 3 . | . . . Level 4 . | . . . Level 5 . | . . . High Security . | . . . Max Security . | . . . Squads Dispatched 1 | . 1 . Investigation . | . . . Extermination . | . . . Reinforcement 1 | . 1 . Assault . | . . . Garrison . | . . . Intercept . | . . . Construction Impeded . | . . . Haulers Reinforced . | . . . Stealth | -11 -10 -10 --------- Run | Scr Mat Min Distress Signals 1 | . 1 . Communications Jammed . | . . . Distress Signals . | . . . Times Spotted 22 | . 12 10 Peak Tracking Total 3 | . 3 3 Tactical Retreats . | . . . Traps | -11 -10 -10 ------- Run | Scr Mat Min Traps Triggered 2 | . 2 . Indirectly . | . . . Trap Hack Attempts . | . . . Triggered . | . . . Disarmed . | . . . Reprogrammed . | . . . Reused . | . . . Traps Extracted . | . . . Installed . | . . . Triggered . | . . . Machines | -11 -10 -10 ---------- Run | Scr Mat Min Machines Disabled 1 | . . 1 Max in Single Turn 1 | . . 1 Machines Sabotaged . | . . . Garrisons Compromised . | . . . Overloaded Fab Kills . | . . . Fab Network Shutdowns . | . . . Hacking | -11 -10 -10 --------- Run | Scr Mat Min Machines Accessed 4 | . 4 . Terminals 4 | . 4 . Fabricators . | . . . Repair Stations . | . . . Recycling Units . | . . . Scanalyzers . | . . . Garrison Access . | . . . Total Hacks 15 | . 15 . Successful 9 | . 9 . Failed 6 | . 6 . Catastrophic . | . . . Database Lockouts . | . . . Manual 11 | . 11 . Terminals 15 | . 15 . Fabricators . | . . . Repair Stations . | . . . Recycling Units . | . . . Scanalyzers . | . . . Garrison Access . | . . . Terminal Hacks 6 | . 6 . Record 1 | . 1 . Robot Schematic 1 | . 1 . Robot Analysis 1 | . 1 . Branch Access Points 1 | . 1 . Terminal Index 1 | . 1 . Zone Layout 1 | . 1 . Fabricator Hacks . | . . . Repair Station Hacks . | . . . Recycling Unit Hacks . | . . . Scanalyzer . | . . . Garrison Access Hacks . | . . . Unauthorized Hacks 3 | . 3 . Terminals 3 | . 3 . Botnet 3 | . 3 . Fabricators . | . . . Repair Stations . | . . . Recycling Units . | . . . Scanalyzers . | . . . Garrison Access . | . . . Data Cores Recovered . | . . . Used . | . . . Hacking Detections 4 | . 4 . Full Trace Events . | . . . Feedback Events . | . . . Feedback Blocked . | . . . Robot Schematics Acquired 1 | . 1 . Robots Built . | . . . Matter . | . . . Time . | . . . Total Robot Build Rating . | . . . Part Schematics Acquired . | . . . Parts Built . | . . . Matter . | . . . Time . | . . . Total Part Build Rating . | . . . Parts Repaired . | . . . Time . | . . . Parts Recycled . | . . . Recycled Matter . | . . . Retrieved Matter . | . . . Retrieved Components . | . . . Parts Scanalyzed . | . . . Part Schematics Acquired . | . . . Parts Damaged . | . . . Bothacking | -11 -10 -10 ------------ Run | Scr Mat Min Used RIF Installer . | . . . Robots Hacked . | . . . Non-combat . | . . . Combat . | . . . Robot Hacks Applied . | . . . Relay Couplers Released . | . . . Robots Rewired . | . . . Allies Hacked . | . . . Hacks Repelled . | . . . Allies | -11 -10 -10 -------- Run | Scr Mat Min Total Allies . | . . . Largest Group . | . . . Highest-Rated Group . | . . . Highest-Rated Ally . | . . . Total Orders . | . . . Ally Attacks . | . . . Total Damage . | . . . Kills . | . . . Allies Corrupted . | . . . Allies Melted . | . . . Intel | -11 -10 -10 ------- Run | Scr Mat Min Robot Analysis Total 1 | . 1 . Derelict Logs Recovered 1 | . . 1 Drone Launches . | . . . Drone Recoveries . | . . . Exploration | -11 -10 -10 ------------- Run | Scr Mat Min Turns Passed 1145 | 72 408 665 Spaces Moved 616 | 53 251 312 Core 17 | 17 . . Treads . | . . . Legs 599 | 36 251 312 Wheels . | . . . Hover . | . . . Flight . | . . . Fastest Speed 50 | 50 120 150 Average Speed 149 | 112 126 173 Slowest Speed 180 | 150 180 180 Overloaded Moves . | . . . Propulsion Burnouts . | . . . Robots Hopped . | . . . Cave-ins Triggered . | . . . Exploration Rate (%) 38 | 3 49 62 Regions Visited 2 Branch Regions 1 Pre-discovered Areas . | . . . Known Exits Taken 1 | . 1 . Unknown Exits Taken 1 | 1 . . Scrap Searched . | . . . Spaces Dug . | . . . Terrain Destroyed 7 | . . 7 Melee . | . . . Projectile . | . . . AOE 7 | . . 7 Terrain Rammed . | . . . Walls Destroyed . | . . . Machines Disabled . | . . . Actions | -11 -10 -10 --------- Run | Scr Mat Min Total 730 | 62 293 375 Wait 20 | . 3 17 Move 614 | 52 250 312 Hop . | . . . Pick Up 14 | 4 5 5 Fast Attach 8 | 6 2 . Attach 8 | . 1 7 Detach 1 | . 1 . Swap 2 | . 2 . Drop 4 | . 4 . Fire 59 | . 25 34 Melee . | . . . Ram . | . . . Kick . | . . . Crush . | . . . Escape Stasis . | . . . Rewire . | . . . Trap . | . . . Miscellaneous . | . . . Route ------- -11/Scrapyard -10/Materials (discovered 2 exits: *Min x2) -10/Mines (discovered 2 exits: *Mat x2) History --------- Turn | Location | Event 2 | -11/Scrapyard | Met Revision 17 5 | -11/Scrapyard | Discovered new exit (range 14) 73 | -11/Scrapyard | Entered Materials 177 | -10/Materials | Discovered new exit (range 16) 248 | -10/Materials | Core integrity fell below 50% 302 | -10/Materials | Build established: Mutant 315 | -10/Materials | Identified exit to Mines 481 | -10/Materials | Entered Mines 535 | -10/Mines | Met a Derelict bent on vengeance 613 | -10/Mines | Discovered new exit (range 7) 622 | -10/Mines | Identified exit to Materials 644 | -10/Mines | Learned location of 1 exit from Materials 644 | -10/Mines | Discovered exit to Materials (range 11) 1006 | -10/Mines | Core integrity fell below 20% 1146 | -10/Mines | Destroyed by S-10 Pest with Light Assault Rifle Last Messages --------------- 00875_ N0>=MZSY&SS=H%GMX F7Q JYO9SZ8X,N0B63=Q F 00892_ K-01 Serf collects debris. 00968_ System corrupted: Energy discharge (-90). 00995_ Ion Engine destroyed. 00996_ Critical hit. 00996_ Assault Rifle destroyed. 00999_ S-10 Pest destroyed. 01013_ R-06 Scavenger collects Lgt. Ion Engine. 01018_ R-06 Scavenger collects Lgt. Assault Rifle. 01028_ S-10 Pest destroyed. 01028_ Switching to secondary target: S-10 Pest. 01031_ S-10 Pest destroyed. 01037_ Acquired 14 matter. 01038_ Acquired 12 matter. 01040_ Acquired 6 matter. 01044_ Acquired Lgt. Assault Rifle. 01060_ K-01 Serf collects debris. 01133_ Imp. Medium Laser destroyed. 01139_ Aluminum Leg destroyed. 01142_ Lgt. Assault Rifle destroyed. Map ----- +----------------------------------------------------+ | ????### #??????# """ | | ???## #??????# """ | | ???# ##????# """ | | ???# #???# | | ???## #??# | | ????#### ##??# | | ???????# ######???## ## | | ???????# #############?# | | ???????# #????## # | | ???????########### #?????# ## | | ?????????????????# #????? ##? | | ?????????????????# #????# ##?? | | ?????????????????# #????# #######??? | | ?????????????????# #????? #????????? | | ????????????????## #????? ?????????? | | ???????????????## ###??????????????? | | ??????????????## ##?????????????? | | ?????????????## #?????????????? | | ?????????????# #?????????????? | | ?????????????# ##?????????????? | | ?????????????# ##??????????????? | | ?????????????## ##??????????????? | | ??????????????## ### #####??????? | | ???????????????# = #??????? | | ????????########*% s #?????? | | ????????# @ s #????? | | ????????# s #### ### #????? | | ????????# #########???# #???? #?????? | | ????????# #?????????? #???????????? | | ????????# #???????????#???????????? | | ???????## ##??????????????????????? | | ???????# ##?????????????????????? | | ???????# ##????????????????????? | | ???????# #????????????????????? | | ???????# #????????????????????? | | ???????# #????????????????????? | | ???????# ##????????????????????? | | ???????## ##????????????????????? | | ???###### ###??????????????????? | | ??## ## #??????????????????? | | ??# #?????????????????? | | ?# #?????????????????? | | ?# ##?????????????????? | | ?## #??????????????????? | | ??#### ##??????????????????? | | ?????#### ##???????????????????? | | ????????### ##????????????????????? | | ???????????####?????????????????????? | | ????????????????????????????????????? | | ????????????????????????????????????? | +----------------------------------------------------+ Best States ------------- Heat Dissipation 25 Energy Generation 10 Energy Capacity 250 Matter Stores 300 Matter Capacity 300 Sight Range 16 Terrain Scan Density 10 Evasion (%) 40 Item Schematics ----------------- None Robot Schematics ------------------ M-13 Machinist | -10/Materials | Hacked Fabricated ------------ Nothing Alien Tech Used ----------------- None Achievements -------------- None Challenges ------------ None Game ------ Seed IonicAccelerationPropulsion Manual? 0 Play Time 00:07:20 Cumulative 37.3 hours Start 2021.04.11 @ 01:34:22 End 2021.04.11 @ 14:44:23 Sessions 2 Manual Loads 0 Difficulty Rogue Special Mode None Game No. 76 Rogue 65 Adventurer 4 Explorer 7 Win Type - Total 2 Types 2/0/0/0/0/0/0/0/0 Lore% 35 Gallery% 58 Achievement% 38 Wizard Run 0 Options --------- ASCII 0 Keyboard 1 Movement Numpad Keybinds 0 Fullscreen 1 Font 18/SmallcapsGlow Map View 76x50 Tactical HUD 1 Map Filters NONE Filters NONE Steam 1 RUN: 246e5764-46ee-4ba9-9248-ff9b6ec793dd